SAAA
SCRANTON SUPERNOVAS @ MEMPHIS REDBIRDS
08/23/2042
 
TOP OF THE 1ST
Scranton Supernovas batting - Pitching for Memphis Redbirds : RHP Denie Coppens
Pitching: RHP Denie Coppens
Batting: RHB Yong-ho Jheon 0-0: Ball
1-0: Called Strike
1-1: Swinging Strike
1-2: Ball
2-2: Ball
3-2: Base on Balls
Batting: RHB Zhong-yan Zhang 0-0: Called Strike
0-1: Ball
1-1: Ball
2-1: Fly out, F8 (Line Drive, 8RD, EV 88.8 MPH)
Runner from 1st tags up, SAFE at 2nd
Batting: RHB August Force 0-0: Called Strike
0-1: Ball
1-1: Swinging Strike
1-2: Ground out 5-3 (Groundball, 56, EV 86.2 MPH)
Batting: LHB Guan-pei Bei 0-0: Called Strike
0-1: Ball
1-1: Ground out 4-3 (Groundball, 4, EV 98.1 MPH)
Top of the 1st over - 0 runs, 0 hits, 0 errors, 1 left on base; Scranton 0 - Memphis 0
BOTTOM OF THE 1ST
Memphis Redbirds batting - Pitching for Scranton Supernovas : LHP Dave McAlear
Pitching: LHP Dave McAlear
Batting: RHB Dean Shamakani 0-0: Called Strike
0-1: Ball
1-1: Swinging Strike
1-2: Ball
2-2: Ball
3-2: Foul Ball, location: 2F
3-2: SINGLE (Groundball, 56D, EV 101.9 MPH)
Batting: RHB Gonzalo Quintanilla 0-0: Ball
Dean Shamakani steals 2nd base
1-0: Swinging Strike
1-1: Called Strike
1-2: Foul Ball, location: 2F
1-2: Foul Ball, location: 2F
1-2: Foul Ball, location: 2F
1-2: Ball
2-2: Fly out, F8 (Flyball, 8LM, EV 93.1 MPH)
Batting: RHB Ricardo Ojíto 0-0: Hit by Pitch
Batting: RHB Joël Pesci 0-0: Swinging Strike
0-1: Called Strike
0-2: Fielders Choice at 2nd, 5-4 (Groundball, 5, EV 103.8 MPH)
Dean Shamakani to third
Batting: RHB Fraser Childs 0-0: Ball
1-0: Ball
Passed Ball!
Dean Shamakani scores
Joël Pesci to second
2-0: Swinging Strike
2-1: Fly out, F7 (Flyball, 7LS, EV 91.9 MPH)
Bottom of the 1st over - 1 run, 1 hit, 0 errors, 1 left on base; Scranton 0 - Memphis 1
TOP OF THE 2ND
Scranton Supernovas batting - Pitching for Memphis Redbirds : RHP Denie Coppens
Batting: RHB Phil Moore 0-0: Called Strike
0-1: Called Strike
0-2: Foul Ball, location: 2F
0-2: Ball
1-2: Ground out U3 (Groundball, 34, EV 78.1 MPH)
Batting: RHB Pancho Hernández 0-0: Called Strike
0-1: Fly out, F7 (Flyball, 7LS, EV 88.8 MPH)
Batting: RHB Gene Wilson 0-0: Ball
1-0: Ball
2-0: Called Strike
2-1: SINGLE (Line Drive, 6D, EV 101.2 MPH)
Batting: LHB Quentin Batkin 0-0: Ball
1-0: Called Strike
1-1: Called Strike
1-2: Ball
2-2: Foul Ball, location: 2F
2-2: Ball
3-2: Foul Ball, location: 2F
3-2: Foul Ball, location: 2F
3-2: Foul Ball, location: 2F
3-2: Fly out, F4 (Line Drive, 4, EV 73.8 MPH)
Top of the 2nd over - 0 runs, 1 hit, 0 errors, 1 left on base; Scranton 0 - Memphis 1
BOTTOM OF THE 2ND
Memphis Redbirds batting - Pitching for Scranton Supernovas : LHP Dave McAlear
Batting: RHB Steve Marwat 0-0: Swinging Strike
0-1: Ball
1-1: Ball
2-1: Called Strike
2-2: Ball
3-2: Strikes out swinging
Batting: RHB Lorenzo Lobo 0-0: Swinging Strike
0-1: Swinging Strike
0-2: Strikes out swinging
Batting: RHB Chris Carson 0-0: DOUBLE (Groundball, 5L, EV 100.6 MPH)
Batting: RHB Martin Clayton 0-0: Swinging Strike
0-1: 2-RUN HOME RUN (Line Drive, 78XD, EV 103.1 MPH), Distance : 418 ft
Batting: RHB Dean Shamakani 0-0: Ball
1-0: Swinging Strike
1-1: Ground out 6-3 (Groundball, 6, EV 86.9 MPH)
Bottom of the 2nd over - 2 runs, 2 hits, 0 errors, 0 left on base; Scranton 0 - Memphis 3
TOP OF THE 3RD
Scranton Supernovas batting - Pitching for Memphis Redbirds : RHP Denie Coppens
Batting: RHB Guillermo Alessandrini 0-0: Ground out 5-3 (Groundball, 56, EV 105.0 MPH)
Batting: RHB Yong-ho Jheon 0-0: Foul Ball, location: 2F
0-1: Ball
1-1: Ball
2-1: Ball
3-1: Base on Balls
Batting: RHB Zhong-yan Zhang 0-0: 2-RUN HOME RUN (Flyball, 78XD, EV 103.8 MPH), Distance : 424 ft
Batting: RHB August Force 0-0: Called Strike
0-1: Ball
1-1: Ball
2-1: Ball
3-1: Called Strike
3-2: Strikes out swinging
Batting: LHB Guan-pei Bei 0-0: Ground out 1-3 (Groundball, 13S, EV 66.2 MPH)
Top of the 3rd over - 2 runs, 1 hit, 0 errors, 0 left on base; Scranton 2 - Memphis 3
BOTTOM OF THE 3RD
Memphis Redbirds batting - Pitching for Scranton Supernovas : LHP Dave McAlear
Batting: RHB Gonzalo Quintanilla 0-0: Ball
1-0: Called Strike
1-1: Foul Ball, location: 2F
1-2: Ball
2-2: SINGLE (Line Drive, 8LS, EV 98.1 MPH)
Batting: RHB Ricardo Ojíto 0-0: Called Strike
0-1: Swinging Strike
0-2: Fly out, F7 (Line Drive, 7, EV 101.9 MPH)
Batting: RHB Joël Pesci 0-0: Ball
1-0: Ball
2-0: Reached on error, E6 (Groundball, 6, EV 83.1 MPH)
Gonzalo Quintanilla to second
Batting: RHB Fraser Childs 0-0: Swinging Strike
0-1: Foul Ball, location: 2F
0-2: Ball
1-2: Grounds into double play, 5-4-3 (Groundball, 56S, EV 81.9 MPH)
Bottom of the 3rd over - 0 runs, 1 hit, 1 error, 1 left on base; Scranton 2 - Memphis 3
TOP OF THE 4TH
Scranton Supernovas batting - Pitching for Memphis Redbirds : RHP Denie Coppens
Batting: RHB Phil Moore 0-0: Ball
1-0: Fly out, F9 (Flyball, 89D, EV 97.5 MPH)
Batting: RHB Pancho Hernández 0-0: Ball
1-0: Ball
2-0: Foul Ball, location: 2F
2-1: Foul Ball, location: 2F
2-2: Ball
3-2: SINGLE (Groundball, 3D, EV 108.8 MPH)
Batting: RHB Gene Wilson 0-0: Called Strike
0-1: Foul Ball, location: 2F
0-2: Ball
1-2: Ball
2-2: Foul Ball, location: 2F
2-2: Ball
3-2: SINGLE (Groundball, 4D, EV 102.5 MPH)
Pancho Hernández to second
Batting: LHB Quentin Batkin 0-0: Ball
1-0: Called Strike
Pancho Hernández is caught stealing 3rd base 2-5
Gene Wilson to second
1-1: Swinging Strike
1-2: Ball
2-2: Foul Ball, location: 2F
2-2: Ball
3-2: Base on Balls
Batting: RHB Guillermo Alessandrini 0-0: Ball
1-0: Fly out, F7 (Line Drive, 7D, EV 91.9 MPH)
Top of the 4th over - 0 runs, 2 hits, 0 errors, 2 left on base; Scranton 2 - Memphis 3
BOTTOM OF THE 4TH
Memphis Redbirds batting - Pitching for Scranton Supernovas : LHP Dave McAlear
Batting: RHB Steve Marwat 0-0: Ground out 4-3 (Groundball, 4, EV 84.4 MPH)
Batting: RHB Lorenzo Lobo 0-0: SINGLE (Line Drive, 56D, EV 96.2 MPH)
Batting: RHB Chris Carson 0-0: Ball
1-0: Ball
2-0: Called Strike
2-1: Foul Ball, location: 2F
2-2: Ball
3-2: Base on Balls
Lorenzo Lobo to second
Batting: RHB Martin Clayton 0-0: Ball
1-0: Ball
2-0: Called Strike
2-1: Foul Ball, location: 2F
2-2: DOUBLE (Flyball, 8RXD, EV 98.1 MPH)
Lorenzo Lobo scores
Chris Carson to third
Runner from 3rd tries for Home, SAFE, no throw by CF
Batting: RHB Dean Shamakani 0-0: Ground out U3 (Groundball, 3S, EV 77.5 MPH)
Martin Clayton to third
Batting: RHB Gonzalo Quintanilla 0-0: Called Strike
0-1: Ball
1-1: Ground out 4-3 (Groundball, 4S, EV 92.5 MPH)
Bottom of the 4th over - 2 runs, 2 hits, 0 errors, 1 left on base; Scranton 2 - Memphis 5
TOP OF THE 5TH
Scranton Supernovas batting - Pitching for Memphis Redbirds : RHP Denie Coppens
Batting: RHB Yong-ho Jheon 0-0: Ball
1-0: Foul Ball, location: 2F
1-1: Ball
2-1: Foul Ball, location: 2F
2-2: Ball
3-2: Base on Balls
Batting: RHB Zhong-yan Zhang 0-0: Ball
1-0: Ball
2-0: Sac Bunt to 2R - play at first, batter OUT! 2-3
Yong-ho Jheon to second
Batting: RHB August Force 0-0: Reached on error, E5 (Groundball, 5, EV 89.4 MPH)
Yong-ho Jheon to third
Batting: LHB Guan-pei Bei 0-0: Ball
August Force steals 2nd base
1-0: Foul Ball, location: 2F
1-1: Ball
2-1: Ball
3-1: Base on Balls
Batting: RHB Phil Moore 0-0: Called Strike
0-1: Ball
1-1: Ball
2-1: Called Strike
2-2: Ball
Passed Ball!
Yong-ho Jheon scores
August Force to third
Guan-pei Bei to second
3-2: Fly out, F7 (Flyball, 78M, EV 85.0 MPH)
Runner from 3rd tags up, SCORES, throw by LF
Guan-pei Bei to third
Batting: RHB Pancho Hernández 0-0: Ball
1-0: Foul Ball, location: 2F
1-1: Foul Ball, location: 2F
1-2: Ground out 6-3 (Groundball, 6, EV 85.0 MPH)
Top of the 5th over - 2 runs, 0 hits, 1 error, 1 left on base; Scranton 4 - Memphis 5
BOTTOM OF THE 5TH
Memphis Redbirds batting - Pitching for Scranton Supernovas : LHP Dave McAlear
Batting: RHB Ricardo Ojíto 0-0: Foul Ball, location: 2F
0-1: Swinging Strike
0-2: Ball
1-2: Foul Ball, location: 2F
1-2: Ball
2-2: Fly out, F9 (Flyball, 9, EV 84.4 MPH)
Batting: RHB Joël Pesci 0-0: Ball
1-0: SINGLE (Line Drive, 78S, EV 93.8 MPH)
Batting: RHB Fraser Childs 0-0: Ball
1-0: Called Strike
1-1: Ball
2-1: Fielders Choice at 2nd, 3-6 (Groundball, 3, EV 79.4 MPH)
Batting: RHB Steve Marwat 0-0: Ball
1-0: Ball
2-0: Called Strike
2-1: Ball
3-1: SINGLE (Line Drive, 7LM, EV 110.0 MPH)
Fraser Childs to second
Batting: RHB Lorenzo Lobo 0-0: Called Strike
0-1: Foul Ball, location: 2F
0-2: Ball
1-2: Foul Ball, location: 2F
1-2: Fly out, F8 (Flyball, 78XD, EV 86.9 MPH)
Bottom of the 5th over - 0 runs, 2 hits, 0 errors, 2 left on base; Scranton 4 - Memphis 5
TOP OF THE 6TH
Scranton Supernovas batting - Pitching for Memphis Redbirds : RHP Denie Coppens
Batting: RHB Gene Wilson 0-0: Ball
1-0: Ball
2-0: Foul Ball, location: 2F
2-1: Swinging Strike
2-2: SINGLE (Groundball, 6MD, EV 96.2 MPH)
Batting: LHB Quentin Batkin 0-0: Called Strike
0-1: Sac Bunt to 2R - play at first, batter OUT! 2-4
Gene Wilson to second
Pitching: RHP Roberto Cabrera
Batting: RHB Guillermo Alessandrini 0-0: Ball
1-0: Called Strike
1-1: Foul Ball, location: 2F
1-2: Fly out, F8 (Flyball, 8LM, EV 93.8 MPH)
Batting: RHB Yong-ho Jheon 0-0: Called Strike
0-1: Ball
1-1: Ball
2-1: Foul Ball, location: 2F
2-2: Strikes out swinging, 2-3 out at first.
Top of the 6th over - 0 runs, 1 hit, 0 errors, 1 left on base; Scranton 4 - Memphis 5
BOTTOM OF THE 6TH
Memphis Redbirds batting - Pitching for Scranton Supernovas : LHP Dave McAlear
Batting: RHB Chris Carson 0-0: Called Strike
0-1: Foul Ball, location: 2F
0-2: Ball
1-2: Strikes out swinging
Batting: RHB Martin Clayton 0-0: Ball
1-0: Called Strike
1-1: Fly out, F9 (Line Drive, 9, EV 87.5 MPH)
Batting: RHB Dean Shamakani 0-0: Ball
1-0: SINGLE (Groundball, 56D, EV 106.9 MPH)
Batting: RHB Gonzalo Quintanilla 0-0: Swinging Strike
0-1: Ball
1-1: Foul Ball, location: 2F
1-2: Foul Ball, location: 2F
1-2: Hit by Pitch
Dean Shamakani to second
Batting: RHB Ricardo Ojíto 0-0: Swinging Strike
0-1: Fly out, F9 (Flyball, 9LDF, EV 105.0 MPH)
Bottom of the 6th over - 0 runs, 1 hit, 0 errors, 2 left on base; Scranton 4 - Memphis 5
TOP OF THE 7TH
Scranton Supernovas batting - Pitching for Memphis Redbirds : RHP Roberto Cabrera
Batting: RHB Zhong-yan Zhang 0-0: SINGLE (Line Drive, 8LS, EV 100.6 MPH)
Batting: RHB August Force 0-0: Fly out, F7 (Line Drive, 7D, EV 93.8 MPH)
Runner from 1st tags up, SAFE at 2nd
Batting: LHB Guan-pei Bei 0-0: Ball
1-0: Ball
2-0: Called Strike
2-1: Foul Ball, location: 2F
2-2: Foul Ball, location: 2F
2-2: Foul Ball, location: 2F
2-2: Foul Ball, location: 2F
2-2: Foul Ball, location: 2F
2-2: Hit by Pitch
Pinch Hitting: SHB John Clements 0-0: Called Strike
0-1: Swinging Strike
0-2: Ball
1-2: Strikes out swinging
Batting: RHB Pancho Hernández 0-0: Ball
1-0: Foul Ball, location: 2F
1-1: Foul Ball, location: 2F
1-2: Ball
2-2: Ball
3-2: Base on Balls
Zhong-yan Zhang to third
Guan-pei Bei to second
Batting: RHB Gene Wilson 0-0: Called Strike
0-1: Swinging Strike
0-2: Foul Ball, location: 2F
0-2: Foul Ball, location: 2F
0-2: Ball
1-2: Strikes out swinging
Top of the 7th over - 0 runs, 1 hit, 0 errors, 3 left on base; Scranton 4 - Memphis 5
BOTTOM OF THE 7TH
Memphis Redbirds batting - Pitching for Scranton Supernovas : LHP Dave McAlear
Now at 1B: Bill Stanton
Batting: RHB Joël Pesci 0-0: Ball
1-0: Called Strike
1-1: Ground out 2-3 (Groundball, 15S, EV 68.1 MPH)
Batting: RHB Fraser Childs 0-0: Called Strike
0-1: Ball
1-1: Called Strike
1-2: Ball
2-2: Ball
3-2: Base on Balls
Pitching: LHP Suezo Amano
Batting: RHB Steve Marwat 0-0: Foul Ball, location: 2F
Pickoff Throw to First - Out! 1-3
0-1: Called Strike
0-2: Ground out 1-3 (Groundball, 13S, EV 68.1 MPH)
Bottom of the 7th over - 0 runs, 0 hits, 0 errors, 0 left on base; Scranton 4 - Memphis 5
TOP OF THE 8TH
Scranton Supernovas batting - Pitching for Memphis Redbirds : RHP Roberto Cabrera
Batting: LHB Quentin Batkin 0-0: Called Strike
0-1: Swinging Strike
0-2: Foul Ball, location: 2F
0-2: Foul Ball, location: 2F
0-2: Foul Ball, location: 2F
0-2: Ball
1-2: Fly out, F8 (Flyball, 8LD, EV 99.4 MPH)
Batting: RHB Guillermo Alessandrini 0-0: Ball
1-0: Called Strike
1-1: Ball
2-1: Ball
3-1: Swinging Strike
3-2: Foul Ball, location: 2F
3-2: Base on Balls
Pitching: RHP Karisnu Raghunathan
Batting: RHB Yong-ho Jheon 0-0: Bunted foul
0-1: Sac Bunt to 13 - play at second, runner OUT! 1-6
Batting: RHB Zhong-yan Zhang 0-0: Called Strike
0-1: Fly out, F9 (Line Drive, 9D, EV 88.8 MPH)
Top of the 8th over - 0 runs, 0 hits, 0 errors, 1 left on base; Scranton 4 - Memphis 5
BOTTOM OF THE 8TH
Memphis Redbirds batting - Pitching for Scranton Supernovas : LHP Suezo Amano
Batting: RHB Lorenzo Lobo 0-0: Called Strike
0-1: Ball
1-1: Foul Ball, location: 2F
1-2: Ball
2-2: SINGLE (Groundball, 6, EV 82.5 MPH) (infield hit)
Batting: RHB Chris Carson 0-0: Ball
1-0: Ball
2-0: Sac Bunt to P - play at first, batter OUT! 1-4
Lorenzo Lobo to second
Batting: RHB Martin Clayton 0-0: Called Strike
0-1: Swinging Strike
0-2: Ball
1-2: Foul Ball, location: 2F
1-2: Ball
2-2: Strikes out swinging
Batting: RHB Dean Shamakani 0-0: Intentional Walk
Batting: RHB Gonzalo Quintanilla 0-0: Called Strike
0-1: Swinging Strike
0-2: Foul Ball, location: 2F
0-2: Strikes out swinging
Bottom of the 8th over - 0 runs, 1 hit, 0 errors, 2 left on base; Scranton 4 - Memphis 5
TOP OF THE 9TH
Scranton Supernovas batting - Pitching for Memphis Redbirds : RHP Karisnu Raghunathan
Pitching: RHP Ewan Atwood
Now at 1B: Carter Stanley
Batting: RHB August Force 0-0: Called Strike
0-1: Called Strike
0-2: Ball
1-2: Strikes out swinging
Batting: LHB Guan-pei Bei 0-0: Ball
1-0: Called Strike
1-1: Ground out 6-3 (Groundball, 6M, EV 103.1 MPH)
Batting: LHB Bill Stanton 0-0: Foul Ball, location: 2F
0-1: Foul Ball, location: 2F
0-2: Strikes out swinging
Top of the 9th over - 0 runs, 0 hits, 0 errors, 0 left on base; Scranton 4 - Memphis 5
Friday, March 26th, 2021 - OOTP Baseball 20.8 Build 74